 Dungeon Crawl Stone Soup version 0.30.1-9-gdf580d7c3d (webtiles) character file.

Game seed: 12169650090811432254

105 Ivernyr the Ruffian (level 4, -6/38 HPs)
             Began as a Ghoul Gladiator on Oct 4, 2023.
             Mangled by an ogre
             ... wielding a +0 giant club
              (15 damage)
             ... on level 3 of the Dungeon.
             The game lasted 00:04:18 (1951 turns).

Ivernyr the Ruffian (Ghoul Gladiator)               Turns: 1951, Time: 00:04:19

Health: -6/38      AC: 11    Str: 25    XL:     4   Next: 83%
Magic:  3/3        EV:  9    Int:  3    God:
Gold:   80         SH:  3    Dex: 10    Spells: 3/3 levels left

rFire   . .          .
                       - Unarmed
rCold   + . .        k - +0 buckler
rNeg    + + +        a - +0 chain mail
rPois   ∞            b - +1 helmet
rElec   .            (no cloak)
rCorr   .            (no gloves)
SInv    .            p - +0 pair of boots
Will    .....        (no amulet) Stlth
                     g - +6 ring of strength
HPRegen 0.00/turn    (no ring)
MPRegen 0.08/turn

%: no passive effects
@: inhibited regen
A: claws 1, cold resistance 1, negative energy resistance 3, inhibited
regeneration, torment resistance 2, devour on kill
a: no special abilities


You were on level 3 of the Dungeon.
You visited 1 branch of the dungeon, and saw 3 of its levels.

You collected 80 gold pieces.

Inventory:

Missiles
 c - 3 throwing nets (quivered)
 d - a javelin
Armour
 a - a +0 chain mail (worn)
 b - a +1 helmet (worn)
 k - a +0 buckler (worn)
 p - a +0 pair of boots (worn)
Jewellery
 g - a +6 ring of strength (left claw)
Scrolls
 f - a scroll of identify {unknown}
 i - 2 scrolls of silence {unknown}
 m - a scroll of teleportation {unknown}
 q - a scroll of noise {unknown}
Potions
 e - a potion of haste {unknown}
 h - a potion of attraction {unknown}
 j - a potion of flight {unknown}
 l - 3 potions of heal wounds {unknown}
 n - a potion of curing {unknown}
 o - a potion of lignification {unknown}


   Skills:
 + Level 3.0 Fighting
 - Level 1.7 Throwing
 + Level 1.4 Armour
 + Level 3.2 Dodging
 * Level 4.5 Unarmed Combat


You had 3 spell levels left.
You didn't know any spells.
Your spell library was empty.

Dungeon Overview and Level Annotations

Branches:
Dungeon (3/15)

Altars:

Shops:
D:2 (


Innate Abilities, Weirdness & Mutations

You are immune to poison.
You have sharp fingernails.
Your flesh is cold resistant. (rC+)
You are immune to negative energy. (rN+++)
You do not regenerate when monsters are visible.
You are immune to unholy pain and torment.
You thrive by killing the living.


Message History

There is a stone staircase leading up here.
Found a robe.
An adder comes into view.
The adder hisses angrily.
You scratch the adder.
The adder is moderately wounded.
The adder barely misses you.
You claw the adder!
You kill the adder!
Found a stone staircase leading up.
Found a stone staircase leading up.
You now have 80 gold pieces (gained 8).
Found a mace.
There is a stone staircase leading up here.
Found a chain mail.
A hobgoblin comes into view.
The hobgoblin shouts!
An ogre comes into view. It is wielding a +0 giant club.
The ogre shouts!
You see here 11 gold pieces.
The hobgoblin closely misses you.
You claw the hobgoblin!
You kill the hobgoblin!
You closely miss the ogre. The ogre hits you with a +0 giant club.
You claw the ogre!
The ogre is moderately wounded.
The ogre hits you with a +0 giant club!!
Ouch! That really hurt!
* * * LOW HITPOINT WARNING * * *
You scratch the ogre.
The ogre is moderately wounded.
You claw the ogre!
The ogre is severely wounded.
The ogre closely misses you.
You barely miss the ogre.
The ogre is severely wounded.
You scratch the ogre.
The ogre is almost dead.
The ogre hits you with a +0 giant club!
You die...

### #.. #.# # #.#
...##.#### #.#
......O@.######## #.)
...##.##$.......######.#
# #.###.[.........#
#...#.....######.#
............#####.#
#.#.................
#.####.#.....#####.# #
#.####.######.. #.#
#.#.....##


You could see an ogre.

Vanquished Creatures
  3 adders
  3 gnolls (D:2)
  2 dart slugs
  5 bats (D:1)
  An endoplasm (D:1)
  6 giant cockroaches
  4 hobgoblins
  2 jackals (D:2)
  5 kobolds
  2 quokkas
  2 ball pythons (D:1)
  4 goblins
  3 rats (D:1)
42 creatures vanquished.

Notes
Turn   | Place    | Note
-------+----------+-------------------------------------------
     0 | D:1      | Ivernyr the Ghoul Gladiator began the quest for the Orb.
     0 | D:1      | Reached XP level 1. HP: 17/17 MP: 0/0
    49 | D:1      | Reached XP level 2. HP: 16/25 MP: 1/1
   420 | D:1      | Reached XP level 3. HP: 30/30 MP: 2/2
   924 | D:2      | Found a faded altar of an unknown god.
  1118 | D:2      | Reached skill level 1 in Armour
  1129 | D:2      | Reached skill level 4 in Unarmed Combat
  1348 | D:2      | Found Woapn's Antique Weapon Emporium.
  1580 | D:2      | Reached XP level 4. HP: 29/37 MP: 3/3
  1942 | D:3      | Noticed an ogre
  1951 | D:3      | Mangled by an ogre

Illustrated notes

Levels and vault maps discovered:
D:1:      tarquinn_simple_flora_water_e, layout_basic, st_stairs_9
D:2:      layout_loops_corners, serial_shops, shop, basic_ecumenical_altar
D:3:      layout_loops_ring, lemuel_tele_altar,
          mainiacjoe_overflow_six_doors_small, minmay_rat_hole

Skill      XL: |  1  2  3  4 |
---------------+-------------+-----
Armour         | 1 |  1.4
Dodging        | 3 |  3.2
Unarmed Combat | 4 |  4.5
Fighting       | 3 |  3.0
Throwing       | |  1.7

Action                     |  1- 3 |  4- 6 || total
---------------------------+-------+-------++-------
  Melee: Unarmed           |   130 |    19 ||   149
 Armour: Leather armour    |    24 |       ||    24
         Chain mail        |    41 |     5 ||    46
  Dodge: Dodged            |    67 |     5 ||    72
  Block: Buckler           |     6 |     4 ||    10
